 Dungeon Crawl Stone Soup version 0.29.0-4-gdea44cf6ec (webtiles) character file.

Game seed: 232326388694373051

82 qw the Ruffian (level 4, -6/35 HPs)
             Began as a Ghoul Fire Elementalist on Aug 29, 2022.
             Killed from afar by an orc wizard (11 damage)
             ... with a puff of flame
             ... on level 3 of the Dungeon.
             The game lasted 00:01:55 (2319 turns).

qw the Ruffian (Ghoul Fire Elementalist)            Turns: 2319, Time: 00:01:55

Health: -6/35      AC:  5    Str: 13    XL:     4   Next: 43%
Magic:  5/5        EV: 10    Int: 10    God:
Gold:   112        SH:  0    Dex:  9    Spells: 5/6 levels left

rFire   . . .      SeeInvis .     - Unarmed
rCold   + . .      Faith    .   (no shield)
rNeg    + + +      Spirit   .   c - +0 ring mail
rPois   inf        Reflect  .   (no helmet)
rElec   .          Harm     .   (no cloak)
rCorr   .          Rampage  .   (no gloves)
Will    .....                   (no boots)
Stlth   +.........              (no amulet)
HPRegen 0.00/turn               (no ring)
MPRegen 0.09/turn               (no ring)

@: inhibited regen
A: claws 1, cold resistance 1, negative energy resistance 3, inhibited
regeneration, torment resistance 2, devour on kill
a: no special abilities


You were on level 3 of the Dungeon.
You visited 1 branch of the dungeon, and saw 3 of its levels.

You collected 112 gold pieces.


Innate Abilities, Weirdness & Mutations

You are immune to poison.
You have sharp fingernails.
Your flesh is cold resistant. (rC+)
You are immune to negative energy. (rN+++)
You do not regenerate when monsters are visible.
You are immune to unholy pain and torment.
You thrive by killing the living.


   Skills:
 + Level 1.1 Fighting
 - Level 1.7 Dodging
 - Level 2.1 Stealth
 - Level 4.0 Unarmed Combat
 - Level 1.7 Spellcasting
 - Level 0.7 Conjurations
 - Level 2.4 Fire Magic


You had 5 spell levels left.
You knew the following spells:

 Your Spells              Type           Power      Damage    Failure   Level
a - Foxfire               Conj/Fire      16%        2x1d4     36%         1

Your spell library contained the following spells:

 Spells                   Type           Power      Damage    Failure   Level
 Scorch                   Fire           10%        2d5       36%         2
 Conjure Flame            Conj/Fire      4%         6-21      73%         3
 Inner Flame              Hex/Fire       3%         N/A       78%         3
 Flame Wave               Conj/Fire      4%         2d5       98%         4

Inventory:

Missiles
 d - 6 boomerangs (quivered)
Armour
 b - a +0 pair of boots
 c - a +0 ring mail (worn)
Scrolls
 e - 2 scrolls of identify
 g - a scroll of teleportation
 i - a scroll of enchant weapon
Potions
 a - a potion of attraction {unknown}
 f - a potion of curing {unknown}
 h - a potion of berserk rage {unknown}
 j - a potion of lignification {unknown}
 k - a potion of degeneration {unknown}

Dungeon Overview and Level Annotations

Branches:
Dungeon (3/15)

Altars:


Message History

The magic dart hits you.
You miss something.
You hear some strange, mumbled words.
A magic dart appears from out of thin air!
The magic dart hits you.
You closely miss something. Something hits you but does no damage.
You scratch something. You barely miss something.
Something hits you but does no damage.
You scratch something. Something hits you.
You barely miss something. Something hits you.
You miss something. Something hits you but does no damage.
You closely miss something. Something hits you but does no damage.
The orc wizard points at you and mumbles some strange words.
The puff of flame hits something!
Reactivating autopickup.
You feel a bit more experienced.
Your Unarmed Combat skill increases to level 4!
The orc wizard gestures wildly while chanting.
The orc wizard flickers and vanishes!
Deactivating autopickup; reactivate with Ctrl-A.
Items here: % )) [.
You closely miss something. Something hits you.
You claw something! Something hits you.
You scratch something. Something hits you.
You miss something. Something hits you.
You miss something.
You hear some strange, mumbled words.
A puff of flame appears from out of thin air!
The puff of flame hits you!
You die...

#.# #.# #.# #.# ###
##.## ## .. ... ..
# #{# #..# #@# #..#
##.# #..# #..#
###... #.## #.....
#.# #.##.# #.#
#.##.# #.# ###.##..
#.#### #.......
#....#######.#.....


There were no monsters in sight!

Vanquished Creatures
  2 adders (D:2)
  3 dart slugs
  An orc (D:3)
  5 bats
  An endoplasm (D:1)
  2 giant cockroaches
  4 hobgoblins
  7 jackals (D:1)
  2 quokkas
  2 ball pythons (D:1)
  3 frilled lizards
  5 kobolds
  3 rats
40 creatures vanquished.

Vanquished Creatures (others)
  An orc wizard (D:3)
1 creature vanquished.

Grand Total: 41 creatures vanquished

Notes
Turn   | Place    | Note
-------+----------+-------------------------------------------
     0 | D:1      | qw the Ghoul Fire Elementalist began the quest for the Orb.
     0 | D:1      | Reached XP level 1. HP: 14/14 MP: 2/2
     0 | D:1      | 0 ||| qw: Version: 0.1-a-90-g952f4b7
     0 | D:1      | 0 ||| qw: Game counter: 3750
     0 | D:1      | 0 ||| qw: Always use a shield: true
     0 | D:1      | 0 ||| qw: God list: Okawaru
     0 | D:1      | 0 ||| qw: Allow faded altars: false
     0 | D:1      | 0 ||| qw: Do Orc after D:15 true
     0 | D:1      | 0 ||| qw: Do second Lair branch before Depths: true
     0 | D:1      | 0 ||| qw: Lair rune preference: random
     0 | D:1      | 0 ||| qw: Plans: Normal
     0 | D:1      | 0 ||| PLANNING D:1-11
    68 | D:1      | Reached skill level 1 in Unarmed Combat
   210 | D:1      | 210 ||| Stepping ~*~*~tactically~*~*~ (stealth).
   217 | D:1      | 217 ||| Stepping ~*~*~tactically~*~*~ (stealth).
   261 | D:1      | Reached XP level 2. HP: 17/22 MP: 3/3
   286 | D:1      | Reached skill level 1 in Fighting
   346 | D:1      | 346 ||| Stepping ~*~*~tactically~*~*~ (stealth).
   347 | D:1      | 347 ||| Stepping ~*~*~tactically~*~*~ (stealth).
   457 | D:1      | 457 ||| Stepping ~*~*~tactically~*~*~ (stealth).
   459 | D:1      | 459 ||| Stepping ~*~*~tactically~*~*~ (stealth).
   460 | D:1      | 460 ||| Stepping ~*~*~tactically~*~*~ (stealth).
   625 | D:1      | Reached skill level 2 in Unarmed Combat
   835 | D:1      | 835 ||| Stepping ~*~*~tactically~*~*~ (stealth).
   839 | D:1      | 839 ||| Stepping ~*~*~tactically~*~*~ (stealth).
   842 | D:1      | 842 ||| Stepping ~*~*~tactically~*~*~ (stealth).
   863 | D:1      | 863 ||| Stepping ~*~*~tactically~*~*~ (stealth).
  1090 | D:1      | Reached XP level 3. HP: 28/28 MP: 4/4
  1217 | D:1      | 1217 ||| Stepping ~*~*~tactically~*~*~ (stealth).
  1467 | D:1      | Found a faded altar of an unknown god.
  1584 | D:1      | 1584 ||| UPGRADING to +0 ring mail.
  1594 | D:1      | 1594 ||| DROPPING +0 robe.
  1595 | D:1      | 1595 ||| READING 2 scrolls labelled CEXZOI REAC BOA.
  1596 | D:1      | 1596 ||| READING 2 scrolls labelled GIREUHAEJE.
  1599 | D:1      | 1599 ||| READING scroll labelled OKI IHUPE SENK.
  1600 | D:1      | 1600 ||| DROPPING potion of magic.
  1733 | D:2      | Reached skill level 3 in Unarmed Combat
  1979 | D:2      | Reached XP level 4. HP: 20/35 MP: 5/5
  2100 | D:2      | 2100 ||| Stepping ~*~*~tactically~*~*~ (stealth).
  2104 | D:2      | 2104 ||| Stepping ~*~*~tactically~*~*~ (stealth).
  2105 | D:2      | 2105 ||| Stepping ~*~*~tactically~*~*~ (stealth).
  2151 | D:2      | 2151 ||| READING scroll labelled UGAPIM CYBUVATS.
  2152 | D:2      | 2152 ||| READING scroll labelled ZOW KUNIJULEY.
  2153 | D:2      | 2153 ||| READING scroll labelled DUSKYT VICABLI.
  2314 | D:3      | Reached skill level 4 in Unarmed Combat
  2317 | D:3      | HP: 6/35 [something (3)]
  2319 | D:3      | Killed from afar by an orc wizard

Levels and vault maps discovered:
D:1:      giann_wishing_wells, layout_basic,
          ebering_ecumenical_altar_sacrificial
D:2:      layout_basic
D:3:      layout_loops_cross

Skill      XL: |  1  2  3  4 |
---------------+-------------+-----
Unarmed Combat | 1 2 3 4 |  4.0
Fighting       | 1 |  1.1
Dodging        | |  1.7
Stealth        | |  2.1
Spellcasting   | |  1.7
Conjurations   | |  0.7
Fire Magic     | |  2.4

Action                   |  1- 3 |  4- 6 || total
-------------------------+-------+-------++-------
Melee: Unarmed           |   149 |    40 ||   189
       Punch             |     1 |       ||     1
Throw: Boomerang         |     8 |    10 ||    18
  Use: Scroll            |     3 |     3 ||     6
Armor: Robe              |    15 |       ||    15
       Ring mail         |    15 |     8 ||    23
Dodge: Dodged            |    94 |    16 ||   110

Table legend:
 A = Non-vault XP
 B = Vault XP
 C = Vault XP percentage of total XP
 D = Non-vault monster count
 E = Vault monster count
 F = Vault count percentage of total count
                 A         B        C        D         E       F
            +---------+---------+-------+---------+---------+-------
      Total |     118 |       0 |   0.0 |      41 |       0 |   0.0
            +---------+---------+-------+---------+---------+-------
        D:1 |      40 |       0 |   0.0 |      21 |       0 |   0.0
        D:2 |      47 |       0 |   0.0 |      14 |       0 |   0.0
        D:3 |      31 |       0 |   0.0 |       6 |       0 |   0.0
            +---------+---------+-------+---------+---------+-------
